 Dungeon Crawl Stone Soup version 0.31-a0-968-g24f9ace8b5 (webtiles) character file.

Game seed: 3783302708222144812

1630 lunkers the Martial Artist (level 9, -1/60 HPs)
             Began as a Meteoran Shapeshifter on Oct 26, 2023.
             Slain by an orc
             ... wielding a +0 hand axe
              (3 damage)
             ... on level 6 of the Dungeon on Oct 27, 2023.
             The game lasted 00:08:04 (2351 turns).

lunkers the Martial Artist (Meteoran Shapeshifter)  Turns: 2351, Time: 00:08:04

Health: -1/60      AC:  7    Str: 21    XL:     9   Next: 40%
Magic:  10/10      EV: 10    Int: 12    God:
Gold:   284        SH:  0    Dex: 18    Spells: 8/8 levels left

rFire   . .          .
                       - Unarmed
rCold   . . .        (shield currently unavailable)
rNeg    . . .        r - melded +1 ring mail {rC+}
rPois   .            (helmet currently unavailable)
rElec   .            (cloak currently unavailable)
rCorr   .            (gloves currently unavailable)
SInv    +            (boots currently unavailable)
Will    +....        (no amulet)
Stlth   +            k - ring of see invisible
HPRegen 0.30/turn    (no ring)
MPRegen 0.12/turn

%: no passive effects
@: snake-form, glowing
A: constrict, reduced hp, large, sense surroundings 2, otherworldly, glowing,
explore regen
a: Begin Untransformation


You were on level 6 of the Dungeon.
You were an enormous anaconda.
You visited 1 branch of the dungeon, and saw 6 of its levels.

You collected 284 gold pieces.

Inventory:

Armour
 i - a +1 helmet
 p - a +0 pair of gloves
 r - a +1 ring mail of cold resistance (melded)
Jewellery
 k - a ring of see invisible (left hand)
Talismans
 c - a beast talisman
 d - a flux talisman
 m - a serpent talisman (active)
Scrolls
 a - a scroll of immolation {unknown}
 e - a scroll of torment {unknown}
 f - a scroll of vulnerability {unknown}
 j - 2 scrolls of identify {unknown}
 l - a scroll of noise {unknown}
 n - a scroll of amnesia {unknown}
 o - 3 scrolls of teleportation {unknown}
 q - a scroll of silence
 s - a scroll of brand weapon {unknown}
Potions
 b - 3 potions of lignification
 g - 2 potions of heal wounds {unknown}
 h - a potion of enlightenment {unknown}
 t - 2 potions of haste {unknown}
 u - a potion of curing {unknown}


   Skills:
 - Level 1.1 Fighting
 - Level 2.1 Dodging
 * Level 11.3 Unarmed Combat
 + Level 7.9 Shapeshifting


You had 8 spell levels left.
You didn't know any spells.
Your spell library contained the following spells:

 Spells                   Type           Power      Damage    Failure   Level
 Blink                    Tloc           0%         N/A       45%         2
 Manifold Assault         Tloc           0%         N/A       97%         4


Dungeon Overview and Level Annotations

Branches:
Dungeon (6/15) Zot: 1269
 Temple: D:4-7

Altars:
Cheibriados
Elyvilon
Fedhas
Sif Muna
Zin

Shops:
D:2 *   D:4 !


Innate Abilities, Weirdness & Mutations

You are an enormous anaconda.
You have a powerful constriction melee attack.
Your maximum health is decreased, since you lack skill for your form.
Your armour is entirely melded.
You are incapable of wielding weapons or throwing items.
You passively map the area around you.
You are easily found by Zot.
You glow in the dark.
You regain HP and MP as you explore.


Message History

You barely miss the orc. Your grab misses the orc.
An ogre comes into view. It is wielding a +0 giant spiked club.
The orc closely misses you.
You body-slam the orc!!
You kill the orc!
The orc hits you with a +0 flail.
* * * LOW HITPOINT WARNING * * *
You closely miss the orc. You grab the orc. You constrict the orc.
You hit the orc.
You kill the orc!
Things that are here:
a +0 whip; a +0 dagger; a +0 leather armour An orc comes into view.
It is wielding a +0 club.
The orc shouts!
An orc comes into view. It is wielding a +0 hand axe.
The orc shouts!
The orc moves out of view.
Found a scroll of silence.
The orc hits you but does no damage.
You lash the orc!
You kill the orc!
You lash the ogre! You grab the ogre.
The ogre is moderately wounded.
You constrict the ogre.
The ogre hits you with a +0 giant spiked club!
* * * LOW HITPOINT WARNING * * *
You lash the ogre!
The ogre is almost dead.
You constrict the ogre.
You kill the ogre!
The orc throws a stone.
The stone barely misses you. The orc hits you with a +0 hand axe.
* * * LOW HITPOINT WARNING * * *
Things that are here:
a +0 club; a +0 chain mail; an orc corpse You closely miss the orc.
You grab the orc.
You constrict the orc, but do no damage.
You hit the orc but do no damage.
You constrict the orc, but do no damage.
The orc hits you with a +0 hand axe.
You die...

. #.# . ###### #.####
* #.* #....# #.....
#.###....# #.####
#......#)## #)#
#.#..)..### ##.#
*,#..)###.).####..#
#..#.#.# #.#.##...##
*#.....S# #......###
* #...#...o.....#.##
# *#......##.##.....#
* #
*...###.#..?#.###...*
*.#, ,..[. .... )#.#
,,, ##.#...#.# ...# ,
,,.. .##... .###* *
,, .. .. ...# ## , ,
, *,,, *, **


You could see an orc.

Vanquished Creatures
  A steam dragon (D:6)
  2 ice beasts (D:6)
  2 sky beasts (D:6)
  5 ogres
  2 phantoms (D:5)
  Blork the orc (D:6)
  2 scorpions (D:4)
  2 jellies
  An orc priest (D:4)
  2 hounds
  An iguana (D:6)
  Robin (D:2)
  7 adders
  2 shadow imps (D:5)
  A white imp (D:5)
  A worm (D:2)
  2 dart slugs
  17 orcs
  2 endoplasms
  16 goblins
  14 hobgoblins
  14 jackals
  5 kobolds
  4 quokkas
  5 ball pythons
  5 bats
  A frilled lizard (D:1)
  4 rats
122 creatures vanquished.

Notes
Turn   | Place    | Note
-------+----------+-------------------------------------------
     0 | D:1      | lunkers the Meteoran Shapeshifter began the quest for the
                  | Orb.
     0 | D:1      | Reached XP level 1. HP: 16/16 MP: 2/2
    71 | D:1      | Reached XP level 2. HP: 13/23 MP: 3/3
    74 | D:1      | Reached skill level 4 in Unarmed Combat
    82 | D:1      | Found a faded altar of an unknown god.
   195 | D:1      | Reached XP level 3. HP: 21/28 MP: 4/4
   458 | D:2      | Found Sihyajick's General Store.
   506 | D:2      | Upgraded the game from 0.31-a0-965-g8a8ce12e04 to
                  | 0.31-a0-968-g24f9ace8b5
   569 | D:2      | Noticed Robin
   571 | D:2      | Reached XP level 4. HP: 32/35 MP: 5/5
   595 | D:2      | Killed Robin
   596 | D:2      | Reached skill level 5 in Unarmed Combat
   675 | D:2      | Reached XP level 5. HP: 32/40 MP: 6/6
  1109 | D:4      | Reached skill level 6 in Unarmed Combat
  1134 | D:4      | Reached XP level 6. HP: 47/47 MP: 7/7
  1141 | D:4      | Reached skill level 5 in Shapeshifting
  1217 | D:4      | Found Hasoehy's Distillery.
  1331 | D:4      | Reached skill level 7 in Unarmed Combat
  1513 | D:4      | Reached XP level 7. HP: 52/52 MP: 8/8
  1594 | D:5      | Entered Level 5 of the Dungeon
  1594 | D:5      | Found a white marble altar of Elyvilon.
  1594 | D:5      | Found a glowing silver altar of Zin.
  1618 | D:5      | Found a shimmering blue altar of Sif Muna.
  1620 | D:5      | Found a snail-covered altar of Cheibriados.
  1719 | D:5      | Reached skill level 8 in Unarmed Combat
  1774 | D:5      | Found a blossoming altar of Fedhas.
  1800 | D:5      | Reached XP level 8. HP: 36/59 MP: 9/9
  2101 | D:6      | Reached skill level 9 in Unarmed Combat
  2119 | D:6      | Noticed Blork the orc
  2126 | D:6      | Killed Blork the orc
  2299 | D:6      | Noticed a steam dragon
  2311 | D:6      | Reached skill level 10 in Unarmed Combat
  2313 | D:6      | Gained mutation: You passively map the area around you.
                  | [Meteoran growth]
  2313 | D:6      | Reached XP level 9. HP: 26/64 MP: 10/10
  2330 | D:6      | Reached skill level 11 in Unarmed Combat
  2347 | D:6      | HP: 1/59 [ogre/+0 giant spiked club (10)]
  2351 | D:6      | Slain by an orc

Illustrated notes

Levels and vault maps discovered:
D:1:      dpeg_arrival_three_bigger_balls, layout_rooms,
          ebering_ecumenical_altar_box, st_stairs_7
D:2:      layout_loops_corners, serial_shops,
          nicolae_shop_temple_entry_statues_fountains, uniq_robin
D:3:      layout_loops_ring, serial_bayou_lake_a
D:4:      layout_gridville, serial_shops, nicolae_shop_tiny_statue_garden
D:5:      layout_rooms, mainiacjoe_overflow_boulevard,
          nicolae_overflow_macrodata_refinement
D:6:      layout_loops_ring, minmay_fractal_squares_5, uniq_blork_the_orc

Skill      XL: |  1  2  3  4  5  6  7  8  9 |
---------------+----------------------------+-----
Unarmed Combat | 4 5 6 7 8 10 11 | 11.3
Shapeshifting  | 4 5 6 7 |  7.9
Fighting       | |  1.1
Dodging        | |  2.1

Action                     |  1- 3 |  4- 6 |  7- 9 || total
---------------------------+-------+-------+-------++-------
  Melee: Unarmed           |    81 |   126 |   119 ||   326
         Punch             |     4 |     2 |     2 ||     8
         Constrict         |       |       |    24 ||    24
    Use: Scroll            |       |     3 |       ||     3
 Armour: Animal skin       |    48 |    45 |       ||    93
         Ring mail         |       |    18 |    14 ||    32
         Skin              |       |       |    59 ||    59
  Dodge: Dodged            |    62 |    75 |    42 ||   179
   Form: Anaconda          |       |       |     1 ||     1

Table legend: (Time is in decaauts)
 A = Elapsed time spent in this place.
 B = Non-inter-level travel time spent in this place.
 C = Inter-level travel time spent in this place.
 D = Time resting spent in this place.
 E = Time spent auto-exploring this place.
 F = Levels seen in this place.
 G = Mean time per level.
                   A        B        C        D        E       F      G
               +--------+--------+--------+--------+--------+-----+--------+
         Total |   2330 |   2303 |     27 |      0 |   1425 |   6 |  388.3 |
       Dungeon |   2330 |   2303 |     27 |      0 |   1425 |   6 |  388.3 |
               +--------+--------+--------+--------+--------+-----+--------+

Top non-repeatable levels by time:
     D:4: 540 daAuts
     D:2: 485 daAuts
     D:6: 378 daAuts
     D:5: 359 daAuts
     D:1: 307 daAuts
     D:3: 258 daAuts
